Map: Ghost River LE

Players

Solar - Winner!

  • Race: Zerg Zerg
  • Spawn Location: 11:00

SKillous

  • Race: Protoss Protoss
  • Spawn Location: 1:00

Event: ESL Spring 2024 Finals

VOD

Have the link to the VOD?

Description

Time

  • Played on: May 31, 2024, 2:21 p.m.
  • Length: 15:37

All games in this series

Show
View Real Time Build Order
Export as new Build Order

Solar Zerg - Winner!

Build Orders: Hatch First, Lurkers, Roach Hydra 

Get SALT Encoding   

  12  0:00  Drone  
  13  0:13  Overlord  
  13  0:16  Drone  
  14  0:34  Drone  
  14  0:35  Drone  
  16  0:39  Drone  
  17  0:55  Drone  
  18  0:57  Hatchery  
  18  1:00  Drone  
  18  1:10  Extractor  
  17  1:15  Spawning Pool  
  17  1:17  Drone  
  17  1:21  Drone  
  18  1:29  Drone  
  20  1:40  Drone  
  20  1:50  Overlord  
  20  2:01  Queen  
  22  2:08  Queen  
  22  2:09  Zergling x4  
  22  2:11  Drone  
  22  2:13  Metabolic Boost  
  27  2:19  Drone  
  28  2:24  Drone  
  29  2:30  Drone  
  29  2:34  Drone  
  31  2:48  Drone, Hatchery  
  31  2:51  Queen  
  31  2:53  Zergling x2  
  31  2:55  Overlord  
  33  3:01  Spore Crawler  
  33  3:02  Zergling x2  
  33  3:05  Drone x2  
  35  3:13  Queen  
  35  3:14  Zergling x2  
  35  3:15  Drone  
  35  3:16  Drone  
  35  3:18  Drone  
  41  3:22  Overlord  
  41  3:24  Drone  
  41  3:27  Drone  
  43  3:38  Overlord  
  43  3:40  Spore Crawler, Queen  
  43  3:41  Drone  
  45  3:44  Drone x2  
  45  3:45  Drone  
  48  3:50  Zergling x4  
  48  3:55  Drone  
  51  4:02  Queen  
  53  4:03  Queen  
  53  4:04  Drone  
  53  4:07  Overlord  
  56  4:10  Drone x2  
  56  4:11  Drone  
  56  4:14  Drone  
  60  4:18  Drone x2  
  60  4:21  Evolution Chamber  
  60  4:23  Spore Crawler, Drone  
  61  4:24  Zergling x4  
  61  4:29  Zergling x2  
  64  4:32  Drone  
  64  4:34  Overlord  
  64  4:37  Zergling x2  
  64  4:38  Zergling x6  
  69  4:39  Drone  
  69  4:42  Drone x2  
  70  4:47  Drone x3  
  70  4:52  Zerg Melee Weapons Level 1  
  73  4:53  Drone  
  73  4:55  Spore Crawler  
  73  4:56  Drone x2  
  73  4:58  Overlord  
  73  4:59  Drone  
  76  5:05  Drone x3  
  77  5:08  Drone  
  77  5:19  Lair  
  77  5:20  Extractor  
  75  5:21  Hatchery  
  75  5:22  Drone x2  
  76  5:29  Drone x2, Extractor  
  76  5:31  Drone x2, Roach Warren  
  76  5:32  Drone  
  76  5:34  Drone x2  
  81  5:38  Drone x2, Extractor  
  81  5:39  Extractor  
  81  5:41  Overlord  
  81  5:42  Drone x2  
  83  5:45  Zergling x4  
  83  5:46  Zergling x2  
  83  5:47  Zergling x2  
  83  5:48  Zergling x2  
  83  5:49  Drone  
  89  5:51  Drone  
  89  5:54  Overlord  
  89  5:55  Overlord  
  90  5:58  Overlord  
  90  6:00  Drone  
  90  6:03  Drone  
  92  6:06  Drone  
  93  6:11  Drone x2  
  93  6:12  Drone  
  93  6:15  Extractor  
  93  6:16  Zergling x14  
  101  6:19  Infestation Pit  
  101  6:20  Overlord  
  101  6:21  Glial Reconstitution  
  101  6:24  Drone x2  
  100  6:28  Drone  
  100  6:32  Overseer  
  101  6:33  Overlord  
  101  6:39  Roach x5  
  109  6:40  Extractor  
  109  6:43  Roach x3  
  114  6:50  Drone x3  
  114  6:52  Spore Crawler, Overlord  
  116  6:56  Hive  
  116  6:57  Drone x3  
  116  6:58  Zerg Melee Weapons Level 2  
  116  7:00  Drone x2  
  121  7:03  Drone  
  121  7:04  Roach  
  121  7:07  Baneling Nest, Roach  
  125  7:08  Overlord  
  125  7:09  Drone  
  125  7:14  Drone  
  125  7:15  Drone x2  
  129  7:17  Drone, Pneumatized Carapace  
  129  7:18  Overseer, Evolution Chamber  
  129  7:19  Overseer  
  129  7:21  Drone  
  130  7:24  Drone  
  130  7:25  Drone  
  130  7:29  Roach x3  
  138  7:36  Roach x2  
  141  7:37  Overlord  
  141  7:41  Overlord x2  
  141  7:45  Hatchery  
  141  7:47  Overlord  
  141  7:48  Overlord  
  141  7:49  Zerg Missile Weapons Level 1  
  140  7:53  Roach x2  
  140  7:54  Centrifugal Hooks  
  140  7:55  Roach x2  
  148  7:59  Overlord  
  148  8:04  Drone x2  
  148  8:05  Hydralisk Den, Zergling x10  
  155  8:09  Extractor  
  155  8:11  Viper  
  155  8:12  Adrenal Glands  
  155  8:19  Drone  
  155  8:20  Zergling x16  
  155  8:23  Drone  
  155  8:24  Drone  
  165  8:31  Drone  
  166  8:36  Zergling x2  
  166  8:37  Zergling x18  
  166  8:40  Lurker Den, Grooved Spines  
  175  8:43  Zergling x8  
  175  8:44  Zergling x2  
  177  8:49  Overlord  
  177  8:51  Baneling x11  
  177  8:52  Drone  
  177  8:53  Hydralisk x2  
  179  9:00  Hydralisk  
  179  9:01  Hydralisk x4  
  184  9:05  Hydralisk x2  
  188  9:10  Drone x2, Hydralisk x2  
  188  9:14  Overlord  
  194  9:20  Extractor  
  194  9:23  Extractor  
  187  9:24  Hydralisk x2  
  187  9:29  Overlord  
  187  9:30  Muscular Augments  
  191  9:36  Drone x3  
  193  9:39  Seismic Spines  
  193  9:40  Lurker x6  
  193  9:41  Overseer  
  193  9:45  Spine Crawler, Spore Crawler, Lurker  
  197  9:51  Lurker  
  198  9:58  Lurker  
  198  9:59  Lurker  
  200  10:00  Hydralisk x2  
  200  10:01  Zergling x20  
  200  10:07  Spire  
  198  10:15  Lurker x2  
  198  10:16  Baneling x5  
  200  10:27  Hydralisk  
  200  10:31  Hatchery  
  200  10:34  Hydralisk  
  200  10:36  Adaptive Talons  
  198  10:46  Zergling x2, Hydralisk x4  
  198  10:47  Zergling x6  
  195  10:51  Zergling x28  
  195  10:53  Hydralisk  
  196  10:57  Hydralisk  
  196  11:01  Hydralisk  
  197  11:07  Drone  
  197  11:08  Spine Crawler x2, Drone x2  
  193  11:19  Zerg Flyer Weapons Level 1, Corruptor x3  
  199  11:45  Corruptor x4  
  196  11:47  Zergling x6  
  196  11:51  Corruptor x3  
  196  11:52  Corruptor x2  
  195  11:57  Lurker x5  
  200  12:05  Spine Crawler  
  199  12:13  Overseer  
  197  12:25  Zergling x12  
  197  12:31  Zergling x14  
  197  12:37  Zergling x4  
  197  12:41  Zergling x12  
  199  12:50  Hydralisk x2  
  188  12:52  Corruptor  
  188  12:53  Corruptor x4  
  188  12:56  Hydralisk x2  
  180  12:58  Hydralisk x2  
  180  13:01  Zergling x38  
  199  13:13  Zerg Flyer Armor Level 1  
  199  13:15  Zerg Missile Weapons Level 2  
  199  13:18  Overseer  
  199  13:24  Zergling x2  
  200  13:33  Zergling x6  
  199  13:36  Hydralisk  
  199  13:39  Overseer x4  
  199  13:48  Corruptor x3  
  193  13:55  Hydralisk x2  
  195  14:01  Hydralisk x10  
  195  14:02  Zergling x6  
  200  14:08  Hydralisk x2  
  200  14:09  Zergling x22  
  193  14:13  Hydralisk x4  
  193  14:15  Overseer  
  173  14:20  Hydralisk x2  
  164  14:24  Hydralisk x4  
  164  14:28  Overlord  
  164  14:29  Overseer x3  
  164  14:30  Overlord  
  172  14:32  Lurker x8  
  172  14:34  Overlord  
  180  14:42  Hydralisk  
  175  14:46  Zergling x12  
  175  14:48  Hydralisk x2  
  175  14:50  Lurker x7  
  184  14:53  Hydralisk  
  184  14:54  Hydralisk  
  184  14:55  Lurker  
  184  14:56  Lurker  
  184  14:57  Lurker  
  191  15:02  Zergling x10  
  191  15:07  Zergling x10  
  194  15:11  Zergling x8  
  183  15:19  Zergling x4  
Show
View Real Time Build Order
Export as new Build Order

SKillous Protoss 

Build Orders: 1 Gate Expand, Oracle Opening, Carriers, Chargelot Immortal 

Get SALT Encoding   

  12  0:00  Probe  
  13  0:13  Pylon  
  13  0:17  Probe (Chrono Boost)  
  14  0:27  Probe (Chrono Boost)  
  15  0:32  Probe (Chrono Boost)  
  16  0:38  Gateway  
  16  0:43  Probe  
  16  0:47  Assimilator  
  17  0:55  Probe  
  18  1:08  Probe  
  19  1:20  Probe  
  20  1:25  Nexus  
  20  1:36  Cybernetics Core  
  20  1:39  Probe  
  21  1:46  Assimilator  
  21  1:51  Probe  
  22  1:55  Pylon  
  22  2:03  Probe  
  23  2:10  Adept (Chrono Boost)  
  25  2:16  Probe  
  25  2:19  Stargate  
  26  2:28  Warp Gate, Probe  
  27  2:33  Adept  
  27  2:35  Pylon  
  29  2:38  Probe (Chrono Boost)  
  29  2:42  Pylon  
  30  2:50  Probe (Chrono Boost)  
  31  2:52  Probe (Chrono Boost)  
  32  2:59  Probe  
  32  3:02  Probe  
  32  3:03  Adept  
  32  3:04  Oracle (Chrono Boost)  
  39  3:13  Probe  
  39  3:15  Pylon  
  39  3:18  Probe  
  41  3:22  Gateway  
  41  3:25  Probe  
  42  3:30  Probe  
  42  3:32  Oracle (Chrono Boost)  
  43  3:37  Probe  
  47  3:42  Probe  
  48  3:49  Probe  
  48  3:54  Probe  
  50  4:01  Probe  
  51  4:06  Nexus  
  51  4:09  Pylon  
  54  4:10  Probe (Chrono Boost)  
  54  4:11  Twilight Council  
  54  4:14  Forge  
  52  4:21  Assimilator  
  52  4:23  Assimilator, Probe x2 (Chrono Boost)  
  54  4:30  Pylon  
  54  4:31  Probe (Chrono Boost)  
  56  4:32  Probe (Chrono Boost)  
  56  4:34  Adept x2  
  60  4:43  Probe x2  
  62  4:46  Blink (Chrono Boost)  
  62  4:49  Protoss Ground Weapons Level 1  
  62  4:55  Probe (Chrono Boost)  
  62  4:59  Probe (Chrono Boost)  
  64  5:06  Probe (Chrono Boost)  
  63  5:09  Probe (Chrono Boost)  
  63  5:10  Probe (Chrono Boost)  
  59  5:15  Gateway x2  
  59  5:17  Adept  
  59  5:18  Templar Archives  
  59  5:19  Probe  
  63  5:21  Probe x2  
  63  5:22  Adept  
  63  5:24  Shield Battery  
  66  5:31  Probe  
  66  5:33  Probe x2  
  69  5:39  Pylon  
  69  5:42  Pylon  
  69  5:43  Probe  
  69  5:44  Stalker  
  69  5:45  Probe x2  
  69  5:46  Stalker  
  76  5:55  Probe  
  77  5:57  Probe  
  77  5:59  Probe  
  77  6:03  Pylon  
  79  6:04  Robotics Facility  
  79  6:07  Stalker  
  79  6:08  Assimilator  
  79  6:09  Probe  
  79  6:11  Probe  
  83  6:12  Assimilator, Robotics Facility  
  83  6:13  Pylon  
  83  6:22  Stalker x3  
  89  6:25  Pylon  
  89  6:32  Probe  
  90  6:35  Charge  
  90  6:38  Gateway  
  90  6:39  Gateway  
  94  6:54  Protoss Ground Weapons Level 2  
  94  6:56  Immortal (Chrono Boost)  
  94  6:58  High Templar  
  94  7:00  Zealot x3  
  102  7:02  Shield Battery  
  102  7:04  Probe, Photon Cannon  
  102  7:05  Pylon  
  102  7:06  Immortal (Chrono Boost)  
  107  7:19  Gateway  
  107  7:21  Gateway  
  111  7:23  High Templar, Immortal (Chrono Boost)  
  111  7:24  Zealot x2  
  111  7:28  Archon  
  111  7:29  Shield Battery  
  117  7:32  Shield Battery  
  117  7:33  Shield Battery  
  117  7:35  Pylon  
  117  7:36  Zealot x2  
  121  7:43  Immortal (Chrono Boost)  
  121  7:45  Pylon  
  121  7:46  Psionic Storm  
  121  7:51  Probe  
  126  7:58  Immortal (Chrono Boost)  
  126  8:02  High Templar x2  
  126  8:03  High Templar  
  136  8:10  Nexus  
  136  8:12  High Templar, Pylon  
  136  8:13  Zealot  
  140  8:22  Immortal (Chrono Boost)  
  140  8:24  Photon Cannon  
  140  8:26  Shield Battery  
  144  8:32  Probe  
  145  8:41  Immortal (Chrono Boost)  
  149  8:46  Zealot x3  
  149  8:47  Zealot  
  157  8:51  Shield Battery  
  157  8:55  Photon Cannon  
  157  8:58  Pylon  
  153  9:04  Stargate  
  153  9:06  Fleet Beacon  
  153  9:07  Observer (Chrono Boost)  
  158  9:17  Immortal (Chrono Boost)  
  158  9:20  Probe (Chrono Boost)  
  158  9:22  Assimilator, Probe (Chrono Boost)  
  147  9:24  Assimilator  
  147  9:28  Protoss Air Weapons Level 1  
  149  9:33  Probe x2 (Chrono Boost)  
  149  9:34  High Templar x2  
  149  9:37  Probe (Chrono Boost)  
  155  9:49  Carrier x2 (Chrono Boost)  
  166  9:56  Probe  
  165  10:06  Photon Cannon  
  163  10:07  Shield Battery  
  163  10:08  Probe  
  163  10:09  Probe x3  
  167  10:14  Pylon  
  167  10:20  Probe  
  167  10:21  Immortal (Chrono Boost)  
  172  10:22  Pylon  
  172  10:30  Immortal (Chrono Boost)  
  174  10:43  Stalker x4  
  182  10:53  Carrier  
  184  11:01  Carrier  
  178  11:06  Observer x2 (Chrono Boost)  
  178  11:10  Protoss Ground Weapons Level 3 (Chrono Boost)  
  176  11:12  Probe  
  176  11:13  Probe x2  
  179  11:19  Observer (Chrono Boost)  
  179  11:20  Observer (Chrono Boost), Probe  
  182  11:31  Zealot  
  184  11:42  Protoss Air Weapons Level 2  
  176  11:50  Nexus  
  176  11:51  Pylon  
  175  11:59  Mothership (Chrono Boost), High Templar x3  
  180  12:03  Pylon  
  180  12:04  Carrier (Chrono Boost)  
  180  12:06  High Templar  
  188  12:09  Pylon  
  188  12:10  Pylon  
  188  12:16  Shield Battery  
  188  12:18  Photon Cannon  
  188  12:19  Photon Cannon  
  188  12:27  Carrier (Chrono Boost)  
  192  12:33  Zealot x6  
  163  12:52  Stalker x2  
  163  12:57  Zealot  
  163  12:58  Observer  
  151  12:59  High Templar x4  
  151  13:03  Archon  
  151  13:04  Archon  
  151  13:05  Carrier (Chrono Boost), Immortal  
  163  13:06  Immortal  
  169  13:26  High Templar x2  
  173  13:28  Zealot x2  
  177  13:38  Carrier  
  175  13:45  Protoss Shields Level 1 (Chrono Boost)  
  175  13:46  Zealot x4  
  181  14:01  Stalker  
  181  14:02  Stalker x3  
  151  14:13  Zealot x4, Stalker  
  151  14:14  Carrier  
  131  14:21  Probe x3  
  128  14:26  High Templar x3  
  134  14:33  Shield Battery  
  134  14:34  Photon Cannon  
  134  14:37  High Templar x3  
  134  14:38  Pylon  
  140  14:41  Nexus  
  138  14:53  High Templar x2, Pylon  
  142  15:00  Shield Battery  
  142  15:01  Archon  
  142  15:03  Shield Battery  
  136  15:17  Archon  
  136  15:19  Zealot x6  
  111  15:28  Zealot  
  111  15:29  Zealot  
Tags
 
Add a new tag
Caveats
  • Supply blocks, unpowered buildings, or Contaminate may cause inaccurate times.
  • Supply counts are checked every 10 seconds.